[Event "VII Totalizator Sportowy 2022"]
[Site "Bydgoszcz"]
[Date "2022.06.30"]
[Round "6.21"]
[White "Malczyk, Radoslaw"]
[Black "Laux, Dominik"]
[Result "0-1"]
[ECO "D00"]
[WhiteElo "2067"]
[BlackElo "2263"]
[Annotator "NA RC"]
[PlyCount "126"]
[EventDate "2022.06.25"]
[EventType "swiss"]
[EventCountry "POL"]
[SourceTitle "playchess.com"]
[Source "ChessBase"]
[SourceQuality "1"]
[TimeControl "40/5400+30:1800+30"]

1. d4 d5 2. Nc3 Nf6 3. Bf4 c5 4. e3 Bg4 5. f3 Bd7 6. dxc5 Nc6 7. Nxd5 e5 8. Bg5 Qa5+ 9. c3 Nxd5 10. Qxd5 Bxc5 11. Bc4 Be6 12. Qd3 Bxc4 13. Qxc4 h6 14. Bh4 $15 Bxe3 15. Nh3 O-O 16. Bf2 Bxf2+ 17. Nxf2 Rad8 18. O-O Rd2 19. Qb3 Qc5 20. Rad1 Rfd8 21. Rxd2 Rxd2 22. Qxb7 e4 23. b4 Qxc3 24. Nxe4 Qd4+ 25. Kh1 Rd1 26. Ng3 Nxb4 27. Qc8+ Qd8 28. Qxd8+ Rxd8 29. a4 Rd2 30. Ne4 Ra2 31. Nc5 Nd5 32. g3 Nc3 33. Re1 Nxa4 34. Re8+ Kh7 35. Nd7 g5 36. Nf6+ Kg6 37. Ng4 Kg7 38. Kg1 Nc3 39. Rd8 a5 40. Rd7 a4 41. Ne5 a3 42. Rxf7+ Kg8 43. Ra7 Ra1+ 44. Kg2 a2 45. Ra8+ Kg7 46. Ra7+ Kf6 47. Nd7+ Kg6 48. Nf8+ Kf5 49. Ra5+ Kf6 50. Nd7+ Kg7 51. Ra7 Rd1 52. Nc5+ Kf6 53. Ne4+ Nxe4 54. Rxa2 Rd2+ 55. Rxd2 Nxd2 56. f4 gxf4 57. gxf4 Kf5 58. Kg3 Ne4+ 59. Kh4 Nf6 60. Kg3 Nh5+ 61. Kh4 Nxf4 62. h3 h5 63. Kg3 Ke5 0-1

[Event "VII Totalizator Sportowy 2022"]
[Site "Bydgoszcz"]
[Date "2022.06.30"]
[Round "6.22"]
[White "Prieb, Robert"]
[Black "Kujawski, Adam"]
[Result "1-0"]
[ECO "A61"]
[WhiteElo "2034"]
[BlackElo "2246"]
[Annotator "NA RC"]
[PlyCount "107"]
[EventDate "2022.06.25"]
[EventType "swiss"]
[EventCountry "POL"]
[SourceTitle "playchess.com"]
[Source "ChessBase"]
[SourceQuality "1"]
[TimeControl "40/5400+30:1800+30"]

1. d4 Nf6 2. c4 e6 3. Nf3 c5 4. d5 exd5 $16 5. cxd5 d6 6. Nc3 g6 7. e4 Bg7 8. h3 O-O 9. Bd3 b5 10. Nxb5 Re8 11. O-O Nxe4 12. Re1 a6 13. Nc3 Nxc3 14. Rxe8+ Qxe8 15. bxc3 Bxc3 16. Rb1 a5 17. Rb6 Na6 18. Bxa6 Rxa6 19. Rb8 Bg7 20. Bf4 Bf8 21. Qe1 Qd8 22. Nd2 Ra7 23. Ne4 Rb7 24. Ra8 h6 25. Bd2 f5 26. Bxa5 Qe7 27. Nxc5 Qxe1+ 28. Bxe1 Rb1 29. Kf1 dxc5 30. Rxc8 Rd1 31. d6 Rd5 32. a4 Rxd6 33. Rxc5 Rd4 34. Ra5 Rd1 35. Ra8 Kf7 36. Ke2 Ra1 37. a5 Bc5 38. Rc8 Ra2+ 39. Kd3 Bxf2 40. Bxf2 Rxf2 41. Rc2 Rf1 42. Ra2 Rd1+ 43. Kc4 Rc1+ 44. Kb3 Rc8 45. a6 Kf6 46. a7 Ra8 47. Kc4 Kg5 48. Kc5 f4 49. Ra3 f3 50. gxf3 Kf4 51. Kb6 g5 52. Kb7 Rxa7+ 53. Kxa7 Kg3 54. Ra6 1-0

[Event "VII Totalizator Sportowy 2022"]
[Site "Bydgoszcz"]
[Date "2022.06.30"]
[Round "6.23"]
[White "Sliwicki, Damian"]
[Black "Zalega, Maciej"]
[Result "0-1"]
[ECO "A45"]
[WhiteElo "2168"]
[BlackElo "2051"]
[Annotator "NA RC"]
[PlyCount "100"]
[EventDate "2022.06.25"]
[EventType "swiss"]
[EventCountry "POL"]
[SourceTitle "playchess.com"]
[Source "ChessBase"]
[SourceQuality "1"]
[TimeControl "40/5400+30:1800+30"]

1. d4 Nf6 2. Nc3 d5 3. Bf4 c6 4. f3 e6 5. Qd2 Bb4 6. g4 O-O 7. e3 Re8 8. Nge2 c5 9. Bg2 Nc6 10. a3 cxd4 11. exd4 Bxc3 12. Qxc3 Qb6 13. b3 Bd7 14. Bg5 e5 15. Bxf6 Nxd4 16. Qd2 Rac8 17. Rc1 Qxf6 18. O-O Bb5 19. Nxd4 Bxf1 20. Rxf1 exd4 21. Rf2 Re3 22. Qa5 d3 23. cxd3 Qd4 24. Kh1 b6 25. Qa6 Rc1+ 26. Bf1 Qxd3 27. Kg2 Qxa6 28. Bxa6 Rxb3 29. Rd2 Rc5 30. Bb7 Rxa3 31. Bxd5 Rxd5 32. Rxd5 g6 33. f4 Kg7 34. h4 Ra5 35. Rd6 h5 36. f5 gxf5 37. gxh5 Ra4 38. Kg3 b5 39. h6+ Kh7 40. Rf6 b4 41. Rxf7+ Kxh6 42. Rxf5 Ra6 43. Rf1 Rb6 44. Ra1 b3 45. Kf4 a5 46. Ke3 a4 47. Kd2 a3 48. Re1 b2 49. Kc2 a2 50. h5 b1=Q+ 0-1

[Event "VII Totalizator Sportowy 2022"]
[Site "Bydgoszcz"]
[Date "2022.06.30"]
[Round "6.24"]
[White "Kolodziejski, Piotr"]
[Black "Stolarczyk, Adam"]
[Result "1/2-1/2"]
[ECO "B07"]
[WhiteElo "2107"]
[BlackElo "2125"]
[Annotator "NA RC"]
[PlyCount "101"]
[EventDate "2022.06.25"]
[EventType "swiss"]
[EventCountry "POL"]
[SourceTitle "playchess.com"]
[Source "ChessBase"]
[SourceQuality "1"]
[TimeControl "40/5400+30:1800+30"]

1. e4 d6 2. d4 Nf6 3. Nc3 g6 4. Be2 Bg7 5. h4 h5 6. Nf3 c6 7. O-O O-O 8. Ng5 b5 9. Bd3 e5 10. Ne2 a6 11. a4 Bb7 12. c3 Nbd7 13. f3 Qe7 14. Bc2 Nh7 15. Bb3 c5 16. axb5 axb5 17. Rxa8 Bxa8 18. d5 c4 19. Bc2 Bb7 20. g4 Nxg5 21. hxg5 hxg4 22. fxg4 Ra8 23. Qe1 Ra1 24. Qf2 Nc5 25. Be3 Rxf1+ 26. Kxf1 Qc7 27. Nc1 Bc8 28. Bxc5 dxc5 29. Bd1 Bf8 30. Bf3 Be7 31. Qe3 Bd7 32. Kg2 Qa5 33. Qd2 Qb6 34. Ne2 Kf8 35. Ng1 Ke8 36. Nh3 Kd8 37. Qc1 Qa6 38. Be2 Qa2 39. Kg3 Kc7 40. Ng1 Qa8 41. Nf3 Qh8 42. Qa1 Kb6 43. Qf1 f6 44. Qh3 Qxh3+ 45. Kxh3 Kc7 46. gxf6 Bxf6 47. Kg3 g5 48. Nd2 Kb6 49. Bd1 Kc7 50. Be2 Kb6 51. Bd1 1/2-1/2

[Event "VII Totalizator Sportowy 2022"]
[Site "Bydgoszcz"]
[Date "2022.06.30"]
[Round "6.25"]
[White "Zaninotto, Franco"]
[Black "Lambrecht, Tomasz"]
[Result "0-1"]
[ECO "B12"]
[WhiteElo "2069"]
[BlackElo "1956"]
[Annotator "NA RC"]
[PlyCount "66"]
[EventDate "2022.06.25"]
[EventType "swiss"]
[EventCountry "POL"]
[SourceTitle "playchess.com"]
[Source "ChessBase"]
[SourceQuality "1"]
[TimeControl "40/5400+30:1800+30"]

1. e4 c6 2. d4 d5 3. e5 c5 4. Nf3 e6 5. c3 Nc6 6. a3 c4 7. Nbd2 Bd7 8. Be2 Na5 9. O-O Qc7 10. a4 Ne7 11. Ng5 h6 12. Nh3 Nc8 13. Nf4 Nb6 14. Nh5 O-O-O 15. f4 g6 16. Nf6 Bc6 17. Ng4 Be7 18. Ne3 Rdg8 19. Kh1 Qd7 20. g4 f5 21. gxf5 gxf5 22. Bh5 Rg7 23. Rg1 Rhg8 24. Rxg7 Rxg7 25. Qf1 Bxa4 26. Qh3 Bd8 27. b4 cxb3 28. Ba3 Be7 29. Bc5 Bxc5 30. dxc5 Nbc4 31. Ndxc4 Nxc4 32. Nxc4 dxc4 33. Rd1 Bc6+ 0-1

[Event "VII Totalizator Sportowy 2022"]
[Site "Bydgoszcz"]
[Date "2022.07.01"]
[Round "7.1"]
[White "Kucza, Karol"]
[Black "Krasenkow, Michal"]
[Result "1-0"]
[ECO "B06"]
[WhiteElo "2305"]
[BlackElo "2576"]
[Annotator "TA"]
[PlyCount "119"]
[EventDate "2022.06.25"]
[EventType "swiss"]
[EventCountry "POL"]
[SourceTitle "playchess.com"]
[Source "ChessBase"]
[SourceQuality "1"]
[TimeControl "40/5400+30:1800+30"]

1. e4 g6 2. d4 Bg7 3. Nc3 c6 4. Nf3 d6 5. a4 Nf6 6. Be2 Bg4 7. O-O O-O 8. a5 {[%emt 0:02:14] B08: Pirc Defence: Classical System.} Nbd7 9. Be3 (9. h3 $5 Bxf3 10. Bxf3 $14) 9... e5 10. dxe5 {[%emt 0:08:57] White has an edge.} dxe5 11. Nd2 Bxe2 12. Qxe2 Qe7 {[%emt 0:00:05] [#]} 13. Nb3 $146 ({Predecessor:} 13. Na4 Rfb8 14. c3 b5 15. axb6 axb6 16. b4 Qe6 17. f3 {½-½ (17) Petrov,M (2406)-Janev,E (2460) Sunny Beach 2005}) 13... Rfd8 14. Rfd1 Bf8 15. f3 Nh5 16. g3 Ng7 17. Qf2 a6 18. Na4 Ne6 19. Nb6 Nxb6 20. Bxb6 Rxd1+ 21. Rxd1 Ng5 22. Qe2 Qf6 23. Kg2 h5 24. Nd2 h4 25. Nc4 Qe6 26. Be3 {[%emt 0:02:56] Active counter play!} Be7 27. g4 Qf6 28. Bxg5 (28. Nb6 {looks sharper.} Rd8 29. Rxd8+ Bxd8 30. Nd7) 28... Qxg5 (28... h3+ 29. Kxh3 Qxg5 30. Kg2 $16) 29. Qe3 Qf6 30. Qc3 (30. Rd7 {with more complications.} Rd8 31. Rxb7 h3+ 32. Kxh3 Bc5 33. Qe2) 30... Rd8 ({Resist} 30... h3+ 31. Kxh3 Bb4 32. Qb3 $16) 31. Rxd8+ Bxd8 $11 {[%emt 0:00:01][%mdl 4096] Endgame KQB-KQN} 32. Qd3 Be7 33. Qe3 Kh7 34. b3 Bf8 35. Qc3 (35. g5 $5 Qe6 36. Qe1 $14) 35... Bg7 36. Qd2 Bh6 $1 {[%emt 0:01:30] Prevents g5.} 37. Qc3 Bf4 38. h3 Qe7 39. Nb2 Qa3 40. Nd3 Bg3 41. Nxe5 Bxe5 42. Qxe5 {[%emt 0:00:05] KQ-KQ} Qc1 {[%emt 0:00:16] Inhibits Qg5.} 43. Qc5 Kg8 44. Qf2 g5 45. f4 gxf4 46. Qxh4 Qxc2+ 47. Kf3 Qd3+ 48. Kxf4 Qd2+ 49. Kf5 Qxa5+ 50. e5 Qd5 {[%emt 0:02:01] ...Qf3+ is the strong threat.} 51. Qg5+ Kf8 52. Qh6+ Ke8 $2 {[%emt 0:02:10] [#]} (52... Kg8 $1 $11) 53. Qh8+ $2 ({Only move:} 53. Kf6 $1 $18) 53... Kd7 54. h4 Qxb3 55. h5 c5 56. h6 c4 {[%emt 0:03:49] Hoping for ...c3.} 57. h7 {[%emt 0:01:31][%cal Oe5e6] aiming for e6+!} Qf3+ 58. Kg5 {[%emt 0:00:06][%cal Oe5e6] Threatening mate with e6+!} c3 $2 {[%emt 0:00:20][%mdl 8192] [#]} (58... Qe3+ $11 59. Kh5 Qh3+ 60. Kg5 Qe3+ 61. Kh5 Qh3+ 62. Kg5 Qe3+) 59. e6+ $1 Ke7 60. Qd4 {[%emt 0:01:23] Weighted Error Value: White=0.11 (very precise) /Black=0.27 (precise)} 1-0

[Event "VII Totalizator Sportowy 2022"]
[Site "Bydgoszcz"]
[Date "2022.07.01"]
[Round "7.2"]
[White "Jakubowski, Krzysztof"]
[Black "Czarnota, Pawel"]
[Result "1/2-1/2"]
[ECO "C48"]
[WhiteElo "2475"]
[BlackElo "2502"]
[Annotator "TA"]
[PlyCount "26"]
[EventDate "2022.06.25"]
[EventType "swiss"]
[EventCountry "POL"]
[SourceTitle "playchess.com"]
[Source "ChessBase"]
[SourceQuality "1"]
[TimeControl "40/5400+30:1800+30"]

1. e4 e5 2. Nf3 Nc6 3. Nc3 Nf6 4. Bb5 Nd4 5. Nxd4 exd4 6. e5 dxc3 7. exf6 Qxf6 8. dxc3 Qe5+ 9. Qe2 Qxe2+ 10. Kxe2 c6 11. Bd3 d5 {[%emt 0:00:36] The position is equal.} 12. Bf4 {[%emt 0:00:41] has lost popularity (12.Re1). C48: Four Knights: 4 Bb5, replies other than 4...Bb4.} Be6 {[%emt 0:01:05] [#]} 13. a4 $146 ({Predecessor:} 13. Rhe1 Kd7 14. Rad1 Bd6 {½-½ (14) Istratescu,A (2651)-Fressinet,L (2693) Haguenau 2013}) 13... a5 {[%emt 0:01:31] An uneventful encounter.} 1/2-1/2

[Event "VII Totalizator Sportowy 2022"]
[Site "Bydgoszcz"]
[Date "2022.07.01"]
[Round "7.3"]
[White "Heberla, Bartlomiej"]
[Black "Gumularz, Szymon"]
[Result "1/2-1/2"]
[ECO "E06"]
[WhiteElo "2576"]
[BlackElo "2513"]
[Annotator "TA"]
[PlyCount "35"]
[EventDate "2022.06.25"]
[EventType "swiss"]
[EventCountry "POL"]
[SourceTitle "playchess.com"]
[Source "ChessBase"]
[SourceQuality "1"]
[TimeControl "40/5400+30:1800+30"]

1. d4 Nf6 2. c4 e6 3. g3 d5 4. Bg2 Be7 5. Nf3 O-O 6. O-O dxc4 7. Qc2 a6 8. Qxc4 b5 9. Qc2 Bb7 10. Bd2 Be4 11. Qc1 c6 {[%emt 0:00:10] E05: Open Catalan: 5 Nf3 Be7.} 12. Rd1 Nbd7 13. Nc3 Bg6 14. Bg5 Rc8 15. Bxf6 {[%emt 0:13:26] [#]} Nxf6 $146 ({Predecessor:} 15... Bxf6 16. Ne5 {½-½ (16) Brunello,S (2562)-Ly,M (2480) Amsterdam 2016}) 16. Ne5 Qb6 17. Qe3 Rfe8 18. Nxg6 {[%emt 0:11:04] A rather calm draw.  Weighted Error Value: White=0.03 (flawless) /Black=0.02 (flawless)} 1/2-1/2

[Event "VII Totalizator Sportowy 2022"]
[Site "Bydgoszcz"]
[Date "2022.07.01"]
[Round "7.4"]
[White "Jarmula, Lukasz"]
[Black "Tomczak, Jacek"]
[Result "0-1"]
[ECO "A45"]
[WhiteElo "2459"]
[BlackElo "2584"]
[Annotator "TA"]
[PlyCount "80"]
[EventDate "2022.06.25"]
[EventType "swiss"]
[EventCountry "POL"]
[SourceTitle "playchess.com"]
[Source "ChessBase"]
[SourceQuality "1"]
[TimeControl "40/5400+30:1800+30"]

1. d4 Nf6 2. Bf4 b6 3. e3 Bb7 4. c4 e6 5. Nc3 Bb4 6. Nge2 {[%emt 0:00:08] A45: Trompowsky Attack.} O-O 7. a3 Be7 {[%emt 0:02:52] [#]} 8. Qc2 $146 {[%emt 0:03:32] The position is equal.} ({Predecessor:} 8. Ng3 d6 9. Bd3 Nbd7 10. O-O h6 11. e4 e5 12. Be3 exd4 13. Bxd4 Re8 14. Nf5 {1-0 (20) Filipets,E (2353)-Stoleriu,G (2419) Chess.com INT 2022}) 8... a6 9. Rd1 d6 10. e4 b5 11. cxb5 axb5 12. Ng3 b4 13. axb4 Nc6 14. b5 Nb4 15. Qb1 {[%emt 0:01:09][%mdl 8192] [#] White does not recover from this.} (15. Qd2 $14 {stays ahead.}) 15... Ra1 $3 $19 {[%emt 0:00:42][%mdl 576] Deflection, Decoy} 16. Qxa1 Nc2+ 17. Kd2 Nxa1 18. Rxa1 Ng4 19. Be2 Bg5 20. Bxg4 {[%emt 0:02:24] [#] Strongly threatening Be3.} Bxf4+ 21. Ke2 f5 22. Bf3 Qf6 23. exf5 Bxf3+ (23... exf5 $2 24. Bxb7 Qxd4 25. Rhd1 Qc4+ 26. Ke1 $18) 24. gxf3 Qxd4 {[%emt 0:02:08] ...Qd2+ is the strong threat.} 25. Kf1 Qb4 {[%emt 0:08:57] Chess con chili.} ({Avoid the trap} 25... exf5 $2 26. Kg2 $19) 26. Rb1 exf5 27. Kg2 Bd2 28. Nd5 (28. Rhd1 $142 Bxc3 29. bxc3) 28... Qc5 29. Ne7+ Kh8 30. Rhd1 Qc2 31. Nd5 h5 32. Ne2 f4 {[%emt 0:00:45] aiming for ...Qg6+.} 33. Nd4 (33. b6 {was necessary.} cxb6 34. Ne7) 33... Qg6+ 34. Kh1 Qd3 35. Nc3 Re8 36. Nb3 Qxf3+ {[%emt 0:00:06] Black mates.} 37. Kg1 Bxc3 38. bxc3 Re2 39. Rf1 Re5 40. Rfd1 Qg4+ {[%emt 0:00:00] Weighted Error Value: White=0.65/Black=0.09 (flawless)} 0-1

[Event "VII Totalizator Sportowy 2022"]
[Site "Bydgoszcz"]
[Date "2022.07.01"]
[Round "7.5"]
[White "Malek, Jan"]
[Black "Janik, Igor"]
[Result "0-1"]
[ECO "B11"]
[WhiteElo "2316"]
[BlackElo "2525"]
[Annotator "TA"]
[PlyCount "140"]
[EventDate "2022.06.25"]
[EventType "swiss"]
[EventCountry "POL"]
[SourceTitle "playchess.com"]
[Source "ChessBase"]
[SourceQuality "1"]
[TimeControl "40/5400+30:1800+30"]

1. e4 c6 2. Nf3 d5 3. Nc3 Bg4 4. h3 Bxf3 5. Qxf3 e6 6. d3 Nd7 7. Be2 {[%emt 0:10:30] outshines the older 7.Bd2.} Ngf6 {[%emt 0:00:50] B11: Caro-Kann: Two Knights Variation.} 8. O-O Bc5 9. Qg3 O-O {[%emt 0:00:16] White has an edge.} 10. Kh1 Bd4 {[%emt 0:01:09] [#]} 11. Bd2 $146 ({Predecessor:} 11. Bh6 Ne8 12. Bg5 Bf6 13. Bc1 Qa5 14. Nb1 Qa4 15. c3 dxe4 16. Qf4 Nc5 17. d4 {0-1 (41) Mastrovasilis,D (2610)-Dreev,A (2654) Legnica 2013}) 11... b5 12. Rae1 Qb8 13. Qh4 (13. Bf4 $11 Qb6 14. e5) 13... dxe4 $15 14. dxe4 Ne5 15. Bf4 Ng6 16. Bxb8 {[%emt 0:01:12] This bishop pair is nice.} Nxh4 17. Bg3 Ng6 18. Bd3 e5 19. Bh2 Rfd8 20. Rb1 Nd7 21. Ne2 Bb6 22. b4 {[%emt 0:02:22] Inhibits Nc5.} a5 {[%emt 0:02:58] ...axb4 is the strong threat.} 23. a3 axb4 24. axb4 Ndf8 25. g3 Ne6 26. f4 {[%emt 0:00:31] [#] Hoping for f5.} Nd4 27. Nc1 Ra3 28. Bg1 Bc7 29. Bxd4 Rxd4 30. Ne2 Rd8 31. f5 Nf8 32. Ra1 Rda8 33. Rxa3 Rxa3 34. Rd1 h5 35. c4 bxc4 36. Bxc4 Re3 37. Bd3 (37. Rc1 $11) 37... Nh7 38. Kg2 Nf6 39. Nc3 Bb6 40. Rd2 Kf8 (40... Bd4 $5 41. Ne2 Bb6 $15) 41. Nd1 $1 Re1 42. Kf3 (42. Nc3 $1 $11) 42... Bd4 43. Be2 {[%emt 0:07:18] [#]} (43. h4 $142) 43... Rg1 $1 $17 44. Rd3 Ke7 {[%emt 0:07:14] Black is more active.} (44... Rh1 $142 45. Ne3 h4) 45. Ne3 Bxe3 ({Black should play} 45... Rh1 $17 {Strongly threatening ...h4.} 46. Nc2 Bb6) 46. Rxe3 {[%emt 0:00:02][%mdl 4096] Endgame KRB-KRN} Rb1 47. Rc3 (47. Ra3 $11) 47... Rxb4 48. Rxc6 (48. Bd3 $17) 48... Nxe4 (48... Rb3+ $19 49. Kg2 Nxe4 50. Bxh5 Rxg3+ 51. Kh2 Rg5) 49. Rc7+ Kd8 50. Ra7 Nd6 51. Kf2 h4 52. gxh4 Rf4+ ({Reject} 52... Nxf5 $6 53. Rxf7 Nxh4 54. Rxg7 $11) 53. Kg2 ({Better is} 53. Ke1) 53... Nxf5 ({And not} 53... Rxh4 54. Bg4 $15) 54. h5 Nd4 55. Bg4 (55. Bd1 $17) 55... Ke8 $19 56. Kg3 Nf5+ 57. Kg2 Kf8 58. Ra5 f6 59. Ra8+ Kf7 60. Be2 (60. Kh2 $17) 60... Rb4 61. Bg4 Rb2+ 62. Kf3 Rb3+ 63. Kf2 Nd4 64. Kg2 $2 (64. Ra5) 64... f5 {[%emt 0:01:57] Black is clearly winning.} 65. Ra7+ Kf6 66. Bd1 Rb2+ 67. Kf1 e4 {[%emt 0:02:39] Threatens to win with ...Rb1.} 68. Rd7 Ne6 (68... Rd2 $142 69. Be2 Rxe2 70. Rxd4 Rh2) 69. Be2 Nf4 70. Bc4 Nxh5 {[%emt 0:00:10] Weighted Error Value: White=0.19 (very precise) /Black=0.09 (flawless)} 0-1

[Event "VII Totalizator Sportowy 2022"]
[Site "Bydgoszcz"]
[Date "2022.07.01"]
[Round "7.6"]
[White "Kosakowski, Jakub"]
[Black "Maksimenko, Andrei"]
[Result "1/2-1/2"]
[ECO "C02"]
[WhiteElo "2435"]
[BlackElo "2434"]
[Annotator "TA"]
[PlyCount "102"]
[EventDate "2022.06.25"]
[EventType "swiss"]
[EventCountry "POL"]
[SourceTitle "playchess.com"]
[Source "ChessBase"]
[SourceQuality "1"]
[TimeControl "40/5400+30:1800+30"]

1. e4 e6 2. d4 d5 3. e5 c5 4. c3 Nc6 5. Nf3 Bd7 6. Be2 Nh6 7. Na3 cxd4 8. cxd4 Nf5 9. Nc2 Nb4 10. Bd2 {[%emt 0:11:36] C02: French: Advance Variation.} Nxc2+ 11. Qxc2 Qb6 12. Bc3 {[%emt 0:01:46] [#]} Bb5 $146 ({Predecessor:} 12... Rc8 13. Qd2 Bb5 14. a3 Be7 15. O-O O-O 16. Rfe1 Bxe2 17. Rxe2 Qb3 18. Rc1 Rc6 {0-1 (54) Chuquitarco Martinez,J (1327)-Garcia Ibarra,N (1573) Guayaquil 2019}) 13. O-O Bxe2 14. Qxe2 Bb4 15. Rac1 O-O 16. Qd2 Bxc3 17. Rxc3 Rfc8 18. Rfc1 Rxc3 19. Rxc3 h6 20. h3 Ne7 21. Rb3 Qc7 22. Qb4 Qc1+ 23. Kh2 Nc6 24. Qxb7 Rb8 25. Rc3 Rxb7 26. Rxc1 $11 {[%emt 0:00:07][%mdl 4096] Endgame KRN-KRN} Nb4 27. a3 Nd3 28. Rc8+ Kh7 29. b4 a5 30. bxa5 {[%emt 0:11:30] [#] Strongly threatening a6.} Ra7 31. Kg3 Rxa5 32. Rc7 Kg8 33. Rc3 Nb2 34. Nd2 Ra4 $1 35. Rb3 Nc4 36. Nxc4 Rxc4 {[%emt 0:00:15] KR-KR} 37. Rd3 g5 38. h4 Kg7 {[%emt 0:01:55] [#]} (38... gxh4+ $11 {remains equal.} 39. Kxh4 Kh7) 39. Kg4 (39. h5 $1 $16) 39... Rc2 {[%emt 0:01:49] The position is equal.} 40. hxg5 Rxf2 41. gxh6+ Kxh6 42. Kg3 Ra2 43. Kf4 Rf2+ 44. Rf3 Re2 45. Rh3+ Kg7 46. Rg3+ Kf8 47. Kg5 Rd2 48. Rg4 Ke7 49. Kh6 Ra2 50. Rg3 Kf8 51. Kg5 Ra1 {An interesting draw.  Weighted Error Value: White=0.04 (flawless) /Black=0.05 (flawless)} 1/2-1/2

[Event "VII Totalizator Sportowy 2022"]
[Site "Bydgoszcz"]
[Date "2022.07.01"]
[Round "7.8"]
[White "Golubka, Petro"]
[Black "Hnydiuk, Aleksander"]
[Result "1-0"]
[ECO "A11"]
[WhiteElo "2380"]
[BlackElo "2394"]
[Annotator "TA"]
[PlyCount "98"]
[EventDate "2022.06.25"]
[EventType "swiss"]
[EventCountry "POL"]
[SourceTitle "playchess.com"]
[Source "ChessBase"]
[SourceQuality "1"]
[TimeControl "40/5400+30:1800+30"]

1. c4 c6 2. Qa4 e5 3. Nc3 Nf6 4. Nf3 Bd6 {[%emt 0:03:35] [#]} 5. e4 $146 ({Predecessor:} 5. Qc2 O-O 6. d4 exd4 7. Nxd4 Be5 8. Nf3 Bxc3+ 9. bxc3 d5 10. e3 Re8 11. Be2 {½-½ (47) Dvoirys,S (2538)-Raznikov,D (2489) Jerusalem 2013}) 5... O-O 6. Be2 {[%emt 0:00:07] A11: English Opening: 1...c6.} Na6 7. O-O Nc5 8. Qc2 {[%emt 0:00:05] The position is equal.} Ne6 {[%emt 0:01:29] Inhibits d4.} 9. d3 Qe7 10. a3 a5 11. Be3 Ng4 12. Bd2 Bc5 13. Na4 Ba7 14. h3 (14. Rac1 {keeps more tension.} d6 15. b4 axb4 16. axb4 b5 17. cxb5 cxb5 18. Nc3) 14... Nf6 15. Be3 ({Avoid the trap} 15. Nxe5 $2 Nd4 16. Qd1 Qxe5 $19) 15... d6 16. Rfe1 Bd7 17. Bf1 Bxe3 18. fxe3 b5 19. cxb5 cxb5 20. Nb6 Rab8 21. Nxd7 Qxd7 22. b4 Rfc8 23. Qb2 Qa7 24. Kh2 Rc7 25. d4 Nxe4 26. dxe5 dxe5 27. Qxe5 Nc3 {[%emt 0:01:37] [#]} (27... Nf6 $11) 28. Nd4 $1 $16 {[%emt 0:01:00] White now steadily converts the win.} Nxd4 (28... Rb6 $16) 29. exd4 $18 {[%emt 0:00:18][%cal Oe5e8] Intending Qe8+! and mate.} Rcc8 {[%emt 0:00:05] [#] Inhibits Qe8+.} (29... f6 $16 30. Qe6+ Rf7) 30. d5 $1 {[%emt 0:00:35] Threatens to win with Rac1.} Qd7 $2 (30... f6 {was necessary.} 31. Qe6+ Qf7) 31. bxa5 (31. d6 $142) 31... Qxd5 32. Rac1 Qxe5+ 33. Rxe5 {[%emt 0:00:02] And now a6 would win.} g6 34. Re3 Nd5 35. Rxc8+ ({Weaker is} 35. Ree1 Rxc1 36. Rxc1 Ra8 $14) 35... Rxc8 {[%emt 0:00:02][%mdl 4096] Endgame KRB-KRN} 36. Rb3 Nc3 (36... Kg7 {is a better chance.} 37. Rxb5 (37. Bxb5 Ra8 $16) 37... Ne3) 37. a6 Ne4 38. Bxb5 Nd6 39. Be2 {[%emt 0:02:07] Black must now prevent a7.} Ra8 40. Rb6 Nc8 41. Rb7 Kg7 42. a4 Kf6 43. a5 Ke6 $2 (43... Nd6 44. Kg3 h6) 44. Bc4+ {[%emt 0:00:19] White is clearly winning.} Ke5 45. Rxf7 Nd6 46. Re7+ Kd4 47. Be2 Kc5 48. a7 {[%emt 0:00:18] aiming for Bf3.} Nc8 49. Re8 (49. Rc7+ $142 Kb4 50. Bf3 Rxa7 51. Rxc8) 49... Kd5 {Weighted Error Value: White=0.11 (very precise) /Black=0.31} 1-0

[Event "VII Totalizator Sportowy 2022"]
[Site "Bydgoszcz"]
[Date "2022.07.01"]
[Round "7.9"]
[White "Sieciechowicz, Marcin"]
[Black "Prokofiev, Valentyn"]
[Result "1/2-1/2"]
[ECO "E83"]
[WhiteElo "2388"]
[BlackElo "2362"]
[Annotator "TA"]
[PlyCount "96"]
[EventDate "2022.06.25"]
[EventType "swiss"]
[EventCountry "POL"]
[SourceTitle "playchess.com"]
[Source "ChessBase"]
[SourceQuality "1"]
[TimeControl "40/5400+30:1800+30"]

1. d4 Nf6 2. c4 g6 3. Nc3 Bg7 4. e4 d6 5. f3 O-O 6. Be3 Nc6 7. Nge2 a6 8. Qd2 Na5 {[%emt 0:00:04] E83: King's Indian: Sämisch Panno (6...Nc6): Lines without either Nge2 or Qd2.} 9. Nc1 Bd7 10. Nb3 Nxb3 {[%emt 0:04:54] White is slightly better.} 11. axb3 b5 {[%emt 0:01:44] [#]} 12. Bd3 $146 ({Predecessor:} 12. Be2 e5 13. d5 c5 14. dxc6 Bxc6 15. O-O b4 16. Na4 Nh5 17. Rfd1 Qh4 18. Bg5 {1-0 (18) Livaic,L (2507)-Efimenko,Z (2602) Chess.com INT 2020}) 12... Qb8 13. O-O Qb7 14. e5 Ne8 {[%emt 0:01:35] [#]} 15. Nd5 $1 e6 16. Ne7+ Kh8 17. Be4 (17. Rfd1 $16) 17... c6 $14 18. d5 {[%emt 0:02:00] White is much more active.} (18. cxb5 $16 Qxb5 19. Rfc1) 18... exd5 (18... cxd5 $11 {remains equal.} 19. cxd5 f5 20. dxe6 fxe4 21. exd7 Qxd7) 19. cxd5 $16 c5 20. Bxc5 Bxe5 {[%emt 0:04:16] [#] White must now prevent ...f5.} 21. Bd4 ({Better is} 21. f4 $16 Bg7 22. Bd4) 21... f5 $14 22. f4 Bxd4+ 23. Qxd4+ Nf6 24. Bf3 Qa7 25. Qxa7 Rxa7 26. Rfc1 Re8 27. Nc6 Raa8 28. b4 Kg7 29. Ra3 Kf7 30. Nd4 Ra7 31. Rac3 Rb8 32. Nc6 (32. Kf2 {with more complications.} Re8 33. Rc7 Rea8 34. R1c6) 32... Bxc6 33. Rxc6 Ne8 34. g4 fxg4 35. Bxg4 Rd8 36. Kf2 a5 37. Rb6 axb4 38. Rxb5 Nc7 39. Rxb4 Nxd5 40. Rd4 Ne7 41. Re4 Rb8 42. Re2 Rb4 43. Kg3 Rb3+ 44. Kg2 {[%emt 0:00:20] Strongly threatening Be6+.} Rb4 45. Rd1 {[%emt 0:04:41] The position is equal.} d5 46. Be6+ Kg7 47. Bxd5 Nxd5 48. Rxd5 Rxf4 {[%emt 0:00:07] Weighted Error Value: White=0.13 (very precise) /Black=0.14 (very precise)} 1/2-1/2